 Dungeon Crawl Stone Soup version 0.21.1-1-g345015f (webtiles) character file.

541 xccam the Grappler (level 7, -4/66 HPs)
             Began as a Troll Monk on Mar 10, 2018.
             Slain by an ogre
             ... wielding a +0 giant club
              (20 damage)
             ... on level 4 of the Dungeon.
             The game lasted 00:05:31 (2259 turns).

xccam the Grappler (Troll Monk)                     Turns: 2259, Time: 00:05:32

Health: -4/66      AC:  7    Str: 22    XL:     7   Next: 5%
Magic:  6/6        EV: 10    Int:  6    God:
Gold:   176        SH:  0    Dex: 12    Spells: 6/6 levels left

rFire    . . .     SeeInvis .     - Unarmed
rCold    + . .     Gourm    +   (no shield)
rNeg     . . .     Faith    .   a - +1 robe
rPois    .         Spirit   .   (helmet restricted)
rElec    .         Reflect  .   g - +0 cloak (curse)
rCorr    .         Harm     .   (gloves unavailable)
MR       .....                  (boots unavailable)
Stlth    ++........             (no amulet)
HPRegen  0.61/turn              h - ring of protection from cold
MPRegen  0.10/turn              (no ring)

@: no status effects
A: large, unfitting armour, claws 3, fast metabolism 3, gourmand, regeneration
1, shaggy fur 1, tough skin 2
a: no special abilities


You were on level 4 of the Dungeon.
You were completely stuffed.

You visited 1 branch of the dungeon, and saw 4 of its levels.

You collected 176 gold pieces.

Inventory:

Armour
 a - a +1 robe (worn)
 g - a cursed +0 cloak (worn)
Jewellery
 h - a ring of protection from cold (left claw)
Wands
 l - a wand of acid (11)
Scrolls
 f - 3 scrolls of identify
 i - 2 scrolls of remove curse
 m - a scroll of teleportation {unknown}
Potions
 c - a potion of degeneration {unknown}
 d - a potion of ambrosia {unknown}
 e - 2 potions of cancellation {unknown}
 j - 2 potions of flight {unknown}
 k - a potion of haste {unknown}
Comestibles
 b - 8 rations
 n - 3 chunks of flesh


   Skills:
 - Level 2.4 Fighting
 - Level 2.4 Dodging
 - Level 1.0 Stealth
 + Level 8.1 Unarmed Combat


You had 6 spell levels left.
You didn't know any spells.

Dungeon Overview and Level Annotations

Branches:
Dungeon (4/15)
 Temple: D:4-7

Altars:
Nemelex Xobeh


Innate Abilities, Weirdness & Mutations

You are too large for most types of armour.
You have claws for hands.
Your metabolism is lightning-fast.
You like to eat raw meat.
Your natural rate of healing is unusually fast.
You are covered in fur. (AC +1)
You have very tough skin. (AC +2)


Message History

An ogre comes into view. It is wielding a giant club.
A hound comes into view.
The ogre shouts!
The hound barks!
You hear an angry hiss.
You scratch the ogre.
The ogre is lightly wounded.
The ogre hits you with a giant club!
You scratch the ogre but do no damage.
The ogre is lightly wounded.
You barely miss the ogre.
The ogre is lightly wounded.
The ogre hits you with a giant club!!
You are too injured to fight recklessly!
You are too injured to fight recklessly!
You are too injured to fight recklessly!
You barely miss the ogre.
The ogre is lightly wounded.
The ogre hits you with a giant club!
* * * LOW HITPOINT WARNING * * *
The ogre hits you with a giant club!!
You die...

...#..........###
..#............#
#..........###
...........#####
#####.....>###..#
#####.####.##
#..)##†# ###..#.#
##@#.### ###
#.O...#.##
.....#####h#......
#....O.......##
####.h....##...
....#.#..# ##
######.#....#
..#.##..# .##.#
#.#


You could see an ogre and a hound.

Vanquished Creatures
  Grinder (D:4)
  A howler monkey (D:4)
  A bullfrog skeleton (D:4)
  An iguana (D:2)
  Terence (D:2)
  2 orc wizards (D:3)
  A worker ant (D:4)
  5 adders
  An ooze (D:4)
  A worm (D:2)
  3 dart slugs
  5 orcs
  21 bats
  7 giant cockroaches
  9 goblins
  6 hobgoblins
  9 kobolds
  A quokka (D:1)
  A ball python (D:3)
  5 frilled lizards
  11 rats
93 creatures vanquished.

Notes
Turn   | Place    | Note
-------+----------+-------------------------------------------
     0 | D:1      | xccam the Troll Monk began the quest for the Orb.
     0 | D:1      | Reached XP level 1. HP: 22/22 MP: 0/0
   123 | D:1      | Reached XP level 2. HP: 29/29 MP: 1/1
   335 | D:1      | Reached skill level 4 in Unarmed Combat
   416 | D:1      | Reached XP level 3. HP: 35/36 MP: 2/2
   798 | D:2      | Noticed Terence
   815 | D:2      | Killed Terence
   815 | D:2      | Reached skill level 5 in Unarmed Combat
   815 | D:2      | Reached XP level 4. HP: 14/44 MP: 3/3
  1132 | D:2      | Reached XP level 5. HP: 36/50 MP: 4/4
  1787 | D:3      | Reached skill level 6 in Unarmed Combat
  2085 | D:4      | Got an ivory dagger
  2086 | D:4      | Identified the +7 dagger "Qatzed" {flame, rC+} (You found it on level 4 of the Dungeon)
  2101 | D:4      | Reached XP level 6. HP: 53/59 MP: 5/5
  2185 | D:4      | Found a sparkling altar of Nemelex Xobeh.
  2195 | D:4      | Noticed Grinder
  2209 | D:4      | Paralysed by Grinder for 6 turns
  2217 | D:4      | Killed Grinder
  2217 | D:4      | Reached skill level 7 in Unarmed Combat
  2237 | D:4      | Reached skill level 8 in Unarmed Combat
  2237 | D:4      | Reached XP level 7. HP: 52/66 MP: 6/6
  2259 | D:4      | Slain by an ogre

Skill      XL: |  1  2  3  4  5  6 |
---------------+-------------------+-----
Unarmed Combat | 4 5 6 8 |  8.1
Fighting       | |  2.4
Dodging        | |  2.4
Stealth        | |  1.0

Action                   |  1- 3 |  4- 6 |  7- 9 || total
-------------------------+-------+-------+-------++-------
Melee: Unarmed           |    97 |   116 |     4 ||   217
       Punch             |     5 |     2 |       ||     7
  Use: Scroll            |       |     2 |       ||     2
 Stab: Sleeping          |     6 |     4 |       ||    10
  Eat: Chunk             |     6 |    20 |       ||    26
Armor: Robe              |    40 |    62 |       ||   102
Dodge: Dodged            |    43 |    58 |       ||   101
